 Dungeon Crawl Stone Soup version 0.19.5 (webtiles) character file.

18 Gargoyl the Skirmisher (level 2, -4/27 HPs)
             Began as a Ghoul Abyssal Knight on Mar 18, 2017.
             Was a Follower of Lugonu.
             Slain by a hobgoblin
             ... wielding a +0 club
              (6 damage)
             ... on level 1 of the Dungeon.
             The game lasted 00:01:06 (471 turns).

Gargoyl the Skirmisher (Ghoul Abyssal Knight)        Turns: 471, Time: 00:01:06

Health: -4/27      AC:  3    Str: 15    XL:     2   Next: 66%
Magic:  2/2        EV: 11    Int:  7    God:    Lugonu [*.....]
Gold:   18         SH:  0    Dex:  8    Spells: 0 memorised, 1 level left

rFire  . . .     SeeInvis .     a - +1 hand axe
rCold  + . .     Gourm    .     b - +0 leather armour
rNeg   + + +     Faith    .     (no shield)
rPois  ∞         Spirit   .     (no helmet)
rElec  .         Reflect  .     (no cloak)
rCorr  .         Harm     .     (no gloves)
MR     .....                    (no boots)
Stlth  +.........               d - amulet of regeneration
                                (no ring)
                                (no ring)

@: rotting
A: rotting body, claws 1, carnivore 3, cold resistance 1, negative energy
resistance 3, slow regeneration 1, torment resistance, unbreathing
a: Depart the Abyss, Renounce Religion


You were on level 1 of the Dungeon.
You worshipped Lugonu.
Lugonu was aware of your devotion.
You were not hungry.

You visited 1 branch of the dungeon, and saw 1 of its levels.
You visited the Abyss 1 time.

You collected 18 gold pieces.

Inventory:

Hand Weapons
 a - a +1 hand axe (weapon)
Armour
 b - a +0 leather armour (worn)
Jewellery
 d - an amulet of regeneration (around neck)
Scrolls
 i - a scroll of identify {unknown}
Potions
 e - a potion of lignification {unknown}
 f - a potion of agility {unknown}
 g - a potion of resistance {unknown}
 j - a potion of curing {unknown}
Comestibles
 c - 3 meat rations


   Skills:
 + Level 3.9 Fighting
 + Level 1.7 Axes
 * Level 2.0 Armour
 + Level 1.1 Dodging
 * Level 2.0 Invocations


You had one spell level left.
You didn't know any spells.

Dungeon Overview and Level Annotations

Branches:
Dungeon (1/15)

Altars:


Innate Abilities, Weirdness & Mutations

Your body is rotting away.
You thrive on raw meat.
You are immune to poison.
You have sharp fingernails.
You are carnivorous and can eat meat at any time.
Your flesh is cold resistant. (rC+)
You are immune to negative energy. (rN+++)
You regenerate slowly when monsters are visible.
You are immune to unholy pain and torment.
You can survive without breathing.


Message History

You closely miss the hobgoblin. The hobgoblin barely misses you.
You barely miss the hobgoblin. The hobgoblin hits you with a club! x2
* * * LOW HITPOINT WARNING * * *
A kobold comes into view. It is wielding a whip.
You slash the hobgoblin!
The hobgoblin is almost dead.
The hobgoblin barely misses you. The hobgoblin hits you with a club.
* * * LOW HITPOINT WARNING * * *
You closely miss the hobgoblin.
The hobgoblin is almost dead.
The hobgoblin barely misses you.
You closely miss the hobgoblin.
The hobgoblin is almost dead.
The hobgoblin hits you with a club.
* * * LOW HITPOINT WARNING * * *
The hobgoblin closely misses you.
You closely miss the hobgoblin.
The hobgoblin is almost dead.
The hobgoblin hits you with a club.
You die...

###### #....# #....#
#....# . #....#
....#############....###
...KKrg@............>...
....#######.############
. #.# #.# #.#
########### #)#
#....<..).#.# #.# ######
.. #.......).#.# #.#
#.(..# .. #.........#.#
#.# #....##


You could see a hobgoblin (berserk), 2 kobolds and a rat.

Vanquished Creatures
  2 leopard geckos (D:1)
  A giant cockroach (D:1)
  4 goblins (D:1)
  4 hobgoblins (D:1)
  A frilled lizard (D:1)
  A kobold (D:1)
13 creatures vanquished.

Notes
Turn   | Place    | Note
-------+----------+-------------------------------------------
     0 | Abyss:1  | Gargoyl the Ghoul Abyssal Knight began the quest for the Orb.
     0 | Abyss:1  | Reached XP level 1. HP: 19/19 MP: 1/1
    77 | D:1      | Escaped the Abyss
   148 | D:1      | Reached skill level 1 in Dodging
   186 | D:1      | Reached XP level 2. HP: 24/26 MP: 2/2
   304 | D:1      | Reached * piety under Lugonu
   470 | D:1      | HP: 1/27 [hobgoblin/club (6)]
   471 | D:1      | Slain by a hobgoblin

Skill      XL: |  1 |
---------------+----+-----
Dodging        | 1 |  1.1
Armour         | 2 |  2.0
Fighting       | |  3.9
Axes           | |  1.7
Invocations    | |  2.0

Action                   || total
-------------------------++-------
Melee: Hand axe          ||    71
Invok: Depart the Abyss  ||     1
  Eat: Chunk             ||     5
Armor: Leather armour    ||    20
Dodge: Dodged            ||    54
